 Dungeon Crawl Stone Soup version 0.28.0 (webtiles) character file.

Game seed: 12507093991456614888

747 zeram the Ducker (level 7, -1/35 HPs)
             Began as a Spriggan Fighter on Feb 5, 2022.
             Was an Initiate of Yredelemnul.
             Slain by a hornet zombie (4 damage)
             ... on level 5 of the Dungeon.
             The game lasted 00:11:15 (7277 turns).

zeram the Ducker (Spriggan Fighter)                 Turns: 7277, Time: 00:11:16

Health: -1/35      AC:  2    Str: 12    XL:     7   Next: 48%
Magic:  8/8        EV: 19    Int: 12    God:    Yredelemnul [......]
Gold:   155        SH:  6    Dex: 14    Spells: 4/6 levels left

rFire   . . .      SeeInvis +   i - +0 dagger
rCold   . . .      Faith    .   c - +0 buckler
rNeg    . . .      Spirit   .   b - +0 robe
rPois   .          Reflect  .   (helmet restricted)
rElec   .          Harm     .   (no cloak)
rCorr   .          Rampage  .   (gloves unavailable)
Will    +....                   (boots unavailable)
Stlth   +.........              (no amulet)
HPRegen 0.11/turn               (no ring)
MPRegen 0.11/turn               (no ring)

@: hasted, studying Throwing, very quick
A: very small, no large weapons, unfitting armour, see invisible, speed 3
a: Renounce Religion, Recall Undead Harvest


You were on level 5 of the Dungeon.
You worshipped Yredelemnul.
Yredelemnul was noncommittal.
You visited 2 branches of the dungeon, and saw 6 of its levels.
You also visited: Sewer.

You collected 155 gold pieces.

Inventory:

Hand Weapons
 a - a +0 rapier
 i - a +0 dagger (weapon)
Armour
 b - a +0 robe (worn)
 c - a +0 buckler (worn)
Wands
 f - a wand of iceblast (7)
 o - a wand of paralysis (7)
Scrolls
 e - 2 scrolls of teleportation
 j - a scroll of fear
 l - a scroll of blinking
 q - 2 scrolls of magic mapping
 r - a scroll of acquirement {unknown}
Potions
 d - a potion of cancellation
 h - a potion of berserk rage {unknown}
 k - 2 potions of flight
 m - 2 potions of haste
 n - a potion of resistance
 p - a potion of experience {unknown}
 s - a potion of ambrosia {unknown}


   Skills:
 - Level 2.4 Fighting
 + Level 6.0 Short Blades
 + Level 7.0 Dodging
 + Level 3.6 Shields
 * Level 3.2 Hexes


You had 4 spell levels left.
You knew the following spells:

 Your Spells              Type           Power      Damage    Failure   Level
a - Ensorcelled Hibernat  Hex/Ice        6%         N/A       45%         2

Your spell library contained the following spells:

 Spells                   Type           Power      Damage    Failure   Level
 Beastly Appendage        Tmut           0%         N/A       54%         1
 Passwall                 Tmut/Erth      0%         N/A       69%         2
 Wereblood                Tmut           0%         N/A       69%         2
 Spider Form              Tmut/Pois      0%         N/A       89%         3
 Swiftness                Air            0%         N/A       89%         3


Dungeon Overview and Level Annotations

Branches:
Dungeon (5/15)             Temple (1/1) D:4           Sewer (visited)

Altars:
Ashenzari
Fedhas
Hepliaklqana
Kikubaaqudgha
Makhleb
Okawaru
Ru
Trog
Uskayaw
Yredelemnul
Zin
The Shining One


Innate Abilities, Weirdness & Mutations

You are very small and have problems with some larger weapons.
You are too small for most types of armour.
You have supernaturally acute eyesight. (SInv)
You cover ground extremely quickly. (Speed+++)


Message History

The hornet zombie is severely damaged.
You block the hornet zombie's attack.
Your orc zombie closely misses the hornet zombie.
You barely miss the hornet zombie.
The hornet zombie is severely damaged.
The hornet zombie completely misses you.
You hit the hornet zombie.
The hornet zombie is severely damaged.
Your orc zombie closely misses the hornet zombie.
You barely miss the hornet zombie.
The hornet zombie is severely damaged.
The hornet zombie hits you but does no damage.
You hit the hornet zombie.
The hornet zombie is almost destroyed.
Your orc zombie hits the hornet zombie but does no damage.
The hornet zombie barely misses you.
You closely miss the hornet zombie.
The hornet zombie is almost destroyed.
You hit the hornet zombie but do no damage.
The hornet zombie is almost destroyed.
The hornet zombie misses you.
You closely miss the hornet zombie.
The hornet zombie is almost destroyed.
Your orc zombie hits the hornet zombie but does no damage.
The hornet zombie hits your orc zombie.
You hit the hornet zombie but do no damage.
The hornet zombie is almost destroyed.
You hit the hornet zombie but do no damage.
The hornet zombie is almost destroyed.
The hornet zombie barely misses you.
Your orc zombie closely misses the hornet zombie.
You hit the hornet zombie but do no damage.
The hornet zombie is almost destroyed.
The hornet zombie closely misses you.
You hit the hornet zombie but do no damage.
The hornet zombie is almost destroyed.
Your orc zombie barely misses the hornet zombie.
The hornet zombie hits you.
You die...
Your body rises from the dead as a mindless zombie.

.##.....#.#............o.o
.....#....#...#........##o
......##..................
..................##≈≈≈o≈#
..............###.##≈≈≈≈≈#
.....#<.###...##.≈≈...≈.≈
... ##Z##.#..##.≈≈.....≈ .
#.#..Z).......≈≈......
#....@).#####.≈≈.....≈
##.###### #.≈≈.....≈ ...
##.##≈≈.≈≈# .....
#..##≈≈.≈≈# #....
.........≈.. #....
.........### #...
>........#.## .####......
##........


You could see a hornet zombie (ally target) and a friendly orc zombie.

Vanquished Creatures
  A steam dragon (D:4)
  An acid dragon (D:5)
  A bullfrog (D:4)
  A hound (D:5)
  A centaur skeleton (D:4)
  A jelly (D:5)
  A gnoll shaman (D:4)
  A hound skeleton (D:4)
  6 gnolls
  7 adders
  A river rat (Sewer)
  A worm (D:2)
  3 dart slugs
  10 ball pythons
  5 bats
  3 endoplasms
  2 giant cockroaches
  5 goblins
  3 hobgoblins
  2 jackals (D:4)
  2 kobolds (D:4)
  5 quokkas
  9 rats
  A rat zombie (Sewer)
73 creatures vanquished.

Vanquished Creatures (collateral kills)
  A hound (D:5)
  An orc priest (D:5)
  A hell rat (Sewer)
  A hound zombie (D:4)
  A hound skeleton (D:5)
  4 orcs (D:5)
  An endoplasm (D:4)
  2 goblins (D:4)
  A kobold (D:4)
  A rat (Sewer)
14 creatures vanquished.

Vanquished Creatures (others)
  An acid dragon zombie (D:5)
  A hound zombie (D:5)
  An orc zombie (D:5)
  2 ball python zombies (D:5)
  A goblin zombie (D:4)
  3 rat zombies (Sewer)
  A spectral endoplasm (D:4)
10 creatures vanquished.

Grand Total: 97 creatures vanquished

Notes
Turn   | Place    | Note
-------+----------+-------------------------------------------
     0 | D:1      | zeram the Spriggan Fighter began the quest for the Orb.
     0 | D:1      | Reached XP level 1. HP: 11/11 MP: 2/2
   507 | D:1      | Reached XP level 2. HP: 16/16 MP: 3/3
  1053 | D:2      | Reached XP level 3. HP: 14/19 MP: 4/4
  1638 | D:2      | Reached skill level 5 in Dodging
  1643 | D:2      | Reached XP level 4. HP: 23/23 MP: 5/5
  3037 | D:3      | Found a faded altar of an unknown god.
  3425 | D:2      | Reached XP level 5. HP: 9/27 MP: 6/6
  4277 | D:3      | Learned a level 2 spell: Ensorcelled Hibernation
  4744 | D:4      | Reached skill level 5 in Short Blades
  4744 | D:4      | Reached skill level 1 in Hexes
  4744 | D:4      | Reached XP level 6. HP: 19/32 MP: 7/7
  4873 | D:4      | Found a staircase to the Ecumenical Temple.
  4944 | D:4      | Found a sacrificial altar of Ru.
  5068 | Temple   | Entered the Ecumenical Temple
  5301 | Temple   | Became a worshipper of Yredelemnul the Dark
  5670 | D:4      | Noticed a steam dragon
  5681 | D:4      | Killed a steam dragon
  5682 | D:4      | Reached skill level 6 in Dodging
  6254 | D:5      | Entered Level 5 of the Dungeon
  6265 | D:5      | Found a glowing drain.
  6284 | Sewer    | Entered a sewer
  6522 | Sewer    | Reached * piety under Yredelemnul
  6962 | D:5      | Reached XP level 7. HP: 23/35 MP: 8/8
  7111 | D:5      | Identified the +0 pair of boots of a Hundred Wonders {-Cast
                  | +Blink rF+ rC+}
  7194 | D:5      | Reached skill level 7 in Dodging
  7277 | D:5      | Slain by a hornet zombie

Illustrated notes

Levels and vault maps discovered:
D:1:      lightli_arrival_maybe_door_vault, layout_loops_ring
D:2:      layout_loops_corners, grunt_ministairs_7, hex_large
D:3:      layout_rooms, chequers_ecumenical_altar_simple
D:4:      layout_loops_corners, nicolae_ru_sacrificial_ziggurat, temple_hall,
          minmay_manual_moon
D:5:      layout_cave_pools, mainiacjoe_overflow_small_starburst,
          ebering_ghost_disaster_area, cheibrodos_sewer_entry_sluice
Temple:   minmay_temple_curvy_loop

Skill      XL: |  1  2  3  4  5  6  7 |
---------------+----------------------+-----
Short Blades   | 3 4 5 6 |  6.0
Dodging        | 5 6 7 |  7.0
Hexes          | 1 2 3 |  3.2
Shields        | 3 |  3.6
Fighting       | |  2.4

Action                   |  1- 3 |  4- 6 |  7- 9 || total
-------------------------+-------+-------+-------++-------
Melee: Rapier            |    93 |    96 |       ||   189
       Dagger            |       |   205 |    67 ||   272
Evoke: Wand              |       |     8 |     2 ||    10
  Use: Scroll            |     5 |    10 |       ||    15
       Potion            |     1 |     1 |     3 ||     5
 Stab: Sleeping          |     2 |     3 |       ||     5
       Paralysed         |       |     5 |     2 ||     7
Armor: Robe              |     9 |    20 |     5 ||    34
Dodge: Dodged            |    74 |   198 |    40 ||   312
Block: Buckler           |    24 |   106 |    14 ||   144
